 Dungeon Crawl Stone Soup version 0.28.0-1-gb440e238dd (webtiles) character file.

Game seed: 12098827564070435341

2998 KamiKatze the Grappler (level 9, -5/88 HPs)
             Began as a Troll Fighter on Feb 19, 2022.
             Was an Initiate of Qazlal.
             Slain by a freezing wraith (9 damage)
             ... led by a death knight
             ... on level 7 of the Dungeon.
             The game lasted 00:18:07 (5890 turns).

KamiKatze the Grappler (Troll Fighter)              Turns: 5890, Time: 00:18:08

Health: -5/88      AC: 10    Str: 30    XL:     9   Next: 54%
Magic:  8/8        EV:  9    Int:  4    God:    Qazlal [......]
Gold:   365        SH:  8    Dex:  9    Spells: 8/8 levels left

rFire   + . .      SeeInvis .     - Unarmed
rCold   + . .      Faith    .   b - +0 kite shield
rNeg    . . .      Spirit   .   q - +1 robe {rC+}
rPois   .          Reflect  .   (helmet restricted)
rElec   .          Harm     .   x - +0 cloak
rCorr   .          Rampage  .   (gloves unavailable)
Will    .....                   (boots unavailable)
Stlth   +.........              (no amulet)
HPRegen 1.04/turn               l - +4 ring of protection
MPRegen 0.11/turn               z - ring of protection from fire

@: weak-willed, slowed, very slow
A: large, unfitting armour, claws 3, regeneration 1, shaggy fur 1, tough skin 1
a: Renounce Religion


You were on level 7 of the Dungeon.
You worshipped Qazlal.
Qazlal was noncommittal.
You visited 2 branches of the dungeon, and saw 9 of its levels.
You also visited: Sewer.

You collected 365 gold pieces.

Inventory:

Missiles
 d - 198 stones
 f - 2 silver javelins
 o - 14 poisoned darts (quivered)
Armour
 b - a +0 kite shield (worn)
 q - a +1 robe of cold resistance (worn)
 x - a +0 cloak (worn)
Jewellery
 l - a +4 ring of protection (left claw)
 z - a ring of protection from fire (right claw)
Wands
 k - a wand of polymorph (3)
 t - a wand of iceblast (9)
 w - a wand of paralysis (7)
 y - a wand of digging (10)
 A - a wand of charming (8)
Scrolls
 e - a scroll of fog {unknown}
 h - 4 scrolls of teleportation
 v - a scroll of amnesia {unknown}
 B - a scroll of magic mapping {unknown}
Potions
 a - 4 potions of curing
 c - 4 potions of might
 g - 4 potions of mutation
 i - 3 potions of flight
 j - 2 potions of invisibility
 n - 3 potions of haste
 p - a potion of magic
 r - a potion of resistance


   Skills:
 + Level 5.2 Fighting
 + Level 1.4 Throwing
 + Level 5.2 Dodging
 + Level 5.2 Shields
 * Level 8.2 Unarmed Combat
 - Level 3.0 Evocations


You had 8 spell levels left.
You didn't know any spells.
Your spell library contained the following spells:

 Spells                   Type           Power      Damage    Failure   Level
 Sting                    Tmut/Pois      0%         1d3       77%         1
 Poisonous Vapours        Pois/Air       0%         N/A       88%         2
 Olgreb's Toxic Radiance  Pois           0%         N/A       100%        4


Dungeon Overview and Level Annotations

Branches:
Dungeon (8/15)             Temple (1/1) D:7           Sewer (visited)
   Lair: D:8-11

Altars:
Ashenzari
Cheibriados
Dithmenos
Elyvilon
Fedhas
Gozag
Hepliaklqana
Kikubaaqudgha
Makhleb
Nemelex Xobeh
Okawaru
Qazlal
Ru
Sif Muna
Trog
Uskayaw
Vehumet
Wu Jian
Xom
Yredelemnul
Zin
The Shining One

Shops:
D:3 [

Annotations:
D:6 3 runed translucent doors, exclusion: 3 doors, RamboRex's ghost, novice SpEn
D:8 Prince Ribbit


Innate Abilities, Weirdness & Mutations

You are too large for most types of armour.
You have claws for hands.
Your natural rate of healing is unusually fast.
You are covered in fur. (AC +1)
You have tough skin. (AC +1)


Message History

The freezing wraith hits you but does no damage.
The freezing wraith hits you.
* * * LOW HITPOINT WARNING * * *
The freezing wraith drains your vigour!
You feel as though you will be slow longer.
You scratch the freezing wraith but do no damage.
The freezing wraith is severely damaged.
The freezing wraith hits you.
* * * LOW HITPOINT WARNING * * *
The freezing wraith freezes you! You resist.
* * * LOW HITPOINT WARNING * * *
The freezing wraith hits you but does no damage.
The freezing wraith misses you. You block the freezing wraith's attack.
You scratch the freezing wraith.
The freezing wraith is almost destroyed.
The freezing wraith barely misses you. x2
Unknown command.
You feel much better.
The freezing wraith hits you but does no damage.
The freezing wraith completely misses you.
You barely miss the freezing wraith.
The freezing wraith is almost destroyed.
The freezing wraith barely misses you. The freezing wraith hits you.
* * * LOW HITPOINT WARNING * * *
You block the freezing wraith's attack. x2
Unknown command.
You scratch the freezing wraith.
The freezing wraith is almost destroyed.
The freezing wraith hits you!
* * * LOW HITPOINT WARNING * * *
The freezing wraith freezes you! You resist.
* * * LOW HITPOINT WARNING * * *
The freezing wraith hits you!
* * * LOW HITPOINT WARNING * * *
The freezing wraith drains your vigour!
You feel as though you will be slow longer.
You scratch the freezing wraith but do no damage.
The freezing wraith is almost destroyed.
The freezing wraith hits you!
You die...

......................#####..)...
........................# #......
.................#####..###......
.................#####..##....##.
...................#...###.....#.
...##..###............###....###.
..###....###...................##
..###....##.....W..............##
...#..##..#.....@...............#
......#........................##
..........................######
..<....##...#.#...........#
............###...........##
.....#.......#.....##......##
....###...........##........#
.....##........##...........#
..............###......#....##


You could see a freezing wraith.

Vanquished Creatures
  A komodo dragon (D:7)
  A wraith (D:7)
  3 vampire mosquitoes
  3 water moccasins
  A black bear (D:6)
  A sky beast (D:5)
  An ogre (D:5)
  A centaur (D:8)
  A kobold brigand (D:8)
  Blork the orc (D:5)
  A bullfrog (D:7)
  4 scorpions
  A wyvern zombie (D:7)
  A howler monkey (D:8)
  4 hounds
  A centaur zombie (D:7)
  4 jellies (Sewer)
  A gnoll shaman (D:6)
  5 orc priests
  Crazy Yiuf (D:5)
  2 centaur skeletons
  Jessica (D:3)
  Terence (D:2)
  2 iguanas
  5 orc wizards
  4 gnolls (D:6)
  6 adders
  4 river rats
  A shadow imp (D:7)
  A white imp (D:5)
  3 worms
  3 dart slugs
  13 orcs
  9 ball pythons
  21 endoplasms
  6 giant cockroaches
  6 goblins
  5 hobgoblins
  4 quokkas
  2 bats
  9 frilled lizards
  8 kobolds
  6 rats
159 creatures vanquished.

Notes
Turn   | Place    | Note
-------+----------+-------------------------------------------
     0 | D:1      | KamiKatze the Troll Fighter began the quest for the Orb.
     0 | D:1      | Reached XP level 1. HP: 22/22 MP: 0/0
   168 | D:1      | Reached XP level 2. HP: 25/29 MP: 1/1
   658 | D:2      | Reached XP level 3. HP: 36/36 MP: 2/2
   826 | D:2      | Noticed Terence
   910 | D:2      | Killed Terence
   911 | D:2      | Reached skill level 3 in Unarmed Combat
   911 | D:2      | Reached XP level 4. HP: 44/44 MP: 3/3
  1815 | D:3      | Noticed Jessica
  1823 | D:3      | Killed Jessica
  1824 | D:3      | Reached XP level 5. HP: 41/53 MP: 4/4
  1845 | D:3      | Found Koafrok's Antique Armour Shoppe.
  2317 | D:4      | Noticed a water moccasin
  2333 | D:4      | Killed a water moccasin
  2334 | D:4      | Reached skill level 4 in Unarmed Combat
  2334 | D:4      | Reached skill level 1 in Evocations
  2334 | D:4      | Reached XP level 6. HP: 46/61 MP: 5/5
  2571 | D:4      | Found a glowing drain.
  2575 | Sewer    | Entered a sewer
  2822 | Sewer    | Found a viscous altar of Jiyva.
  3052 | D:4      | Reached XP level 7. HP: 65/67 MP: 6/6
  3442 | D:5      | Entered Level 5 of the Dungeon
  3442 | D:5      | Noticed Blork the orc
  3449 | D:5      | Killed Blork the orc
  3450 | D:5      | Reached skill level 5 in Unarmed Combat
  3722 | D:5      | Found a runed translucent door.
  3723 | D:5      | Noticed Crazy Yiuf
  4071 | D:5      | Reached XP level 8. HP: 78/78 MP: 7/7
  4310 | D:5      | Killed Crazy Yiuf
  4361 | D:6      | Noticed RamboRex's ghost (novice SpEn)
  4361 | D:6      | Found a runed translucent gate.
  4361 | D:6      | Found a runed translucent gate.
  4361 | D:6      | Found a runed translucent gate.
  4375 | D:6      | Reached skill level 6 in Unarmed Combat
  5044 | D:7      | Noticed a komodo dragon
  5063 | D:7      | Reached skill level 7 in Unarmed Combat
  5085 | D:7      | Reached XP level 9. HP: 31/85 MP: 8/8
  5192 | D:7      | Killed a komodo dragon
  5193 | D:7      | Reached skill level 5 in Fighting
  5193 | D:7      | Reached skill level 5 in Dodging
  5193 | D:7      | Reached skill level 5 in Shields
  5422 | D:7      | Found a staircase to the Ecumenical Temple.
  5433 | Temple   | Entered the Ecumenical Temple
  5506 | Temple   | Became a worshipper of Qazlal Stormbringer
  5597 | D:7      | Found a shimmering blue altar of Sif Muna.
  5721 | D:8      | Noticed a skeletal warrior
  5721 | D:8      | Noticed a death knight
  5726 | D:8      | Reached skill level 8 in Unarmed Combat
  5727 | D:8      | Noticed Prince Ribbit
  5760 | D:8      | Reached skill level 1 in Throwing
  5859 | D:8      | Noticed a freezing wraith
  5860 | D:8      | Noticed a phantasmal warrior
  5889 | D:7      | HP: 3/88 [freezing wraith[a death knight] (7)]
  5890 | D:7      | Slain by a freezing wraith

Illustrated notes

Levels and vault maps discovered:
D:1:      dpeg_arrival_stone_temple_mockup, layout_basic,
          minmay_tree_intersection
D:2:      layout_loops_ring, uniq_terence
D:3:      layout_basic, serial_shops, nicolae_shop_behind_doors,
          mrwooster_statue_mirror, uniq_jessica
D:4:      layout_cave_pods, gup_sewer_entry_spiral
D:5:      layout_loops_ring, uniq_blork_the_orc, uniq_crazy_yiuf_cottage
D:6:      layout_loops_ring, ebering_ghost_rock_garden, kennysheep_dice
D:7:      layout_cave_pools, led_sif_book, temple_green
D:8:      layout_rooms, kennysheep_generic_room_9, uniq_prince_ribbit1
Temple:   compressed_dpeg_triangle_lava_temple

Skill      XL: |  1  2  3  4  5  6  7  8  9 |
---------------+----------------------------+-----
Unarmed Combat | 3 4 5 7 8 |  8.2
Dodging        | 3 4 5 |  5.2
Fighting       | 3 4 5 |  5.2
Shields        | 3 4 5 |  5.2
Evocations     | 1 2 3 |  3.0
Throwing       | 1 |  1.4

Action                   |  1- 3 |  4- 6 |  7- 9 || total
-------------------------+-------+-------+-------++-------
Melee: Unarmed           |    86 |   196 |   221 ||   503
Throw: Dart              |       |       |     2 ||     2
Evoke: Wand              |       |       |     2 ||     2
  Use: Scroll            |       |     3 |     8 ||    11
       Potion            |       |       |     2 ||     2
 Stab: Sleeping          |       |     1 |       ||     1
Armor: Robe              |    18 |    83 |   123 ||   224
       Skin              |     1 |       |       ||     1
Dodge: Dodged            |    26 |    60 |    94 ||   180
Block: Kite shield       |    23 |    65 |    98 ||   186
